 Dungeon Crawl Stone Soup version 0.30-a0-860-g512cf1e979 (webtiles) character file.

Game seed: 14220295286026722137

739 MacCMillion the Cleaver (level 7, 0/62 HPs)
             Began as a Minotaur Cinder Acolyte on Mar 8, 2023.
             Was a High Priest of Ignis.
             Slain by a gnoll
             ... wielding a +0 halberd
             ... led by a gnoll bouda
              (6 damage)
             ... on level 4 of the Dungeon.
             The game lasted 00:07:58 (4430 turns).

MacCMillion the Cleaver (Minotaur Cinder Acolyte)   Turns: 4430, Time: 00:07:59

Health: 0/62       AC: 14    Str: 20    XL:     7   Next: 46%
Magic:  7/7        EV:  6    Int: 11    God:    Ignis [*****.]
Gold:   258        SH:  0    Dex:  6    Spells: 8/8 levels left

rFire   + + .      SeeInvis .    a - -1 hand axe (flame)
rCold   . . .      Faith    .    (no shield)
rNeg    . . .      Spirit   .    q - +0 plate armour
rPois   .          Reflect  .    (helmet restricted)
rElec   .          Rampage  .    u - +0 cloak
rCorr   .                        (no gloves)
Will    .....                    o - +0 pair of boots Stlth
                                 (no amulet)
HPRegen 0.30/turn                l - ring of protection from fire
MPRegen 0.10/turn                (no ring)

@: no status effects
A: horns 2, retaliatory headbutt
a: Renounce Religion, Fiery Armour, Foxfire Swarm, Rising Flame


You were on level 4 of the Dungeon.
You worshipped Ignis.
Ignis was extremely pleased with you.
You visited 1 branch of the dungeon, and saw 4 of its levels.

You collected 258 gold pieces.

Inventory:

Hand Weapons
 a - a -1 hand axe of flaming (weapon)
Missiles
 k - 2 throwing nets (quivered)
Armour
 o - a +0 pair of boots (worn)
 q - a +0 plate armour (worn)
 u - a +0 cloak (worn)
Jewellery
 l - a ring of protection from fire (left hand)
Wands
 t - a wand of flame (24)
Scrolls
 b - 3 scrolls of teleportation {unknown}
 d - 2 scrolls of fog {unknown}
 e - a scroll of fear {unknown}
 g - 2 scrolls of identify {unknown}
 h - 3 scrolls of immolation {unknown}
 s - a scroll of enchant weapon {unknown}
Potions
 c - 2 potions of curing
 f - a potion of heal wounds {unknown}
 i - a potion of ambrosia {unknown}
 j - a potion of magic {unknown}
 m - a potion of might {unknown}
 n - a potion of lignification {unknown}
 p - a potion of haste {unknown}
 r - a potion of invisibility {unknown}


   Skills:
 + Level 5.8 Fighting
 + Level 8.5 Axes
 + Level 4.0 Armour
 - Level 1.0 Spellcasting
 - Level 2.1 Fire Magic


You had 8 spell levels left.
You didn't know any spells.
Your spell library contained the following spells:

 Spells                   Type           Power      Damage    Failure   Level
 Scorch                   Fire           10%        2d5       99%         2
 Ensorcelled Hibernation  Hex/Ice        0%         N/A       100%        2
 Passwall                 Tmut/Erth      0%         N/A       100%        2
 Ignite Poison            Fire/Tmut/Pois 2%         N/A       100%        3
 Swiftness                Air            0%         N/A       100%        3
 Olgreb's Toxic Radiance  Pois           0%         N/A       100%        4
 Sticky Flame             Conj/Fire      2%         2d3       100%        4
 Ozocubu's Refrigeration  Ice            0%         4d7       100%        7
 Ignition                 Fire           2%         3d3       100%        8


Dungeon Overview and Level Annotations

Branches:
Dungeon (4/15)
 Temple: D:4-7

Altars:
Okawaru
Trog
Vehumet

Shops:
D:4 (

Annotations:
D:2 Sigmund
D:3 2 runed translucent doors


Innate Abilities, Weirdness & Mutations

You have a pair of horns on your head.
You reflexively headbutt those who attack you in melee.


Message History

You struggle against the net.
The gnoll bouda hits you with a +0 whip.
The gnoll barely misses you. You furiously retaliate!
You headbutt the gnoll.
The gnoll hits you from afar with a +0 halberd.
You struggle against the net.
Your attacks no longer feel as feeble.
The gnoll bouda hits you with a +0 whip.
* * * LOW HITPOINT WARNING * * *
The gnoll hits you from afar with a +0 spear.
* * * LOW HITPOINT WARNING * * *
The gnoll hits you but does no damage. The gnoll barely misses you.
You shred the net and break free!
The gnoll bouda hits you with a +0 whip.
* * * LOW HITPOINT WARNING * * *
The gnoll hits you but does no damage. The gnoll hits you with a +0 flail.
* * * LOW HITPOINT WARNING * * *
The gnoll hits you but does no damage. The gnoll attacks as you move away!
The gnoll hits you but does no damage. The gnoll hits you but does no damage.
The gnoll bouda calls upon its god to heal the gnoll.
The gnoll's wounds heal themselves!
The gnoll is no longer moving quickly.
The gnoll is no longer moving quickly.
The gnoll bouda barks out a call to the hunt!
The gnolls pick up the pace!
The gnoll is no longer moving quickly.
The gnoll bouda barks out a call to the hunt!
The gnoll picks up the pace!
You see here a +0 club.
The gnoll bouda gazes fiercely through you!
You feel your attacks grow feeble.
The gnoll hits you from afar with a +0 halberd.
* * * LOW HITPOINT WARNING * * *
The gnoll hits you but does no damage.
The gnoll hits you from afar with a +0 halberd.
* * * LOW HITPOINT WARNING * * *
Your attacks no longer feel as feeble.
There is a stone staircase leading down here.
The gnoll hits you from afar with a +0 halberd.
You die...

..≈§≈.≈..#
#................#
≈§≈§§.≈..#
#................#
....≈§≈..#
#........gg.g#####
≈≈≈≈≈§≈..##
#........#####
.....§....###.......##
.[..........#######.#
###########..###..gg#
##...gg#### ##@.###
### #.########
#.#####.###....#
#.......†.#....#
#.#####........#
##.#######)####.#
#.).............#
#######....######
#####..#.#


You could see a gnoll bouda and 3 gnolls.

Vanquished Creatures
  Grinder (D:4)
  Eustachio (D:4)
  A phantom (D:4)
  A scorpion (D:4)
  An orc priest (D:3)
  A hound (D:4)
  An iguana (D:4)
  5 gnolls
  5 adders
  A worm (D:2)
  A dart slug (D:1)
  13 orcs
  2 bats (D:1)
  6 endoplasms
  2 giant cockroaches
  4 goblins (D:1)
  5 hobgoblins
  2 jackals (D:3)
  7 quokkas
  5 ball pythons
  3 frilled lizards
  8 kobolds
  4 rats
80 creatures vanquished.

Notes
Turn   | Place    | Note
-------+----------+-------------------------------------------
     0 | D:1      | MacCMillion the Minotaur Cinder Acolyte began the quest for
                  | the Orb.
     0 | D:1      | Reached XP level 1. HP: 19/19 MP: 1/1
   179 | D:1      | Reached skill level 4 in Axes
   262 | D:1      | Reached XP level 2. HP: 27/27 MP: 2/2
   930 | D:1      | Reached XP level 3. HP: 26/33 MP: 3/3
  1332 | D:2      | Noticed Sigmund
  1480 | D:2      | Reached skill level 5 in Axes
  1548 | D:2      | Identified the +0 leather armour of Parts Unknown {Int+2
                  | Dex-4 Stlth+}
  1975 | D:2      | Reached XP level 4. HP: 40/41 MP: 4/4
  2154 | D:3      | Reached skill level 1 in Armour
  2328 | D:3      | Found a bloodstained altar of Trog.
  2622 | D:3      | Found a large runed translucent door.
  2626 | D:3      | Found a large runed translucent door.
  2719 | D:3      | Reached XP level 5. HP: 23/47 MP: 5/5
  2825 | D:3      | Reached skill level 6 in Axes
  2846 | D:3      | Noticed a shining eye
  2847 | D:3      | Found a faded altar of an unknown god.
  2853 | D:3      | Noticed an eye of devastation
  2878 | D:3      | Noticed an eye of devastation
  2926 | D:3      | Noticed a shining eye
  2948 | D:3      | Found a radiant altar of Vehumet.
  3193 | D:4      | Noticed a phantom
  3336 | D:4      | Reached skill level 5 in Fighting
  3487 | D:4      | Killed a phantom
  3488 | D:4      | Reached skill level 7 in Axes
  3488 | D:4      | Reached XP level 6. HP: 48/56 MP: 6/6
  3537 | D:4      | Found Licluzau's Antique Weapon Emporium.
  3552 | D:4      | Noticed Grinder
  3845 | D:4      | Noticed Eustachio
  4092 | D:4      | Killed Eustachio
  4093 | D:4      | Reached skill level 8 in Axes
  4093 | D:4      | Reached XP level 7. HP: 40/61 MP: 7/7
  4216 | D:4      | Paralysed by Grinder for 2 turns
  4243 | D:4      | Killed Grinder
  4369 | D:4      | Found an iron altar of Okawaru.
  4430 | D:4      | Slain by a gnoll

Illustrated notes

Levels and vault maps discovered:
D:1:      dpeg_arrival_houses_and_road, layout_basic
D:2:      layout_loops_ring, uniq_sigmund
D:3:      layout_loops_ring, mainiacjoe_overflow_alcove_4,
          jmf_multi_god_temple2, mainiacjoe_overflow_brackets,
          hellmonk_ecumenical_altar_watching_god,
          corexii_item_surrounded_by_moat, wad_orctagon
D:4:      layout_basic, lemuel_crystal_altar, overflow_temple_1_default,
          serial_shops, nicolae_inconvenience_store, uniq_grinder,
          uniq_eustachio

Skill      XL: |  1  2  3  4  5  6  7 |
---------------+----------------------+-----
Axes           | 4 5 7 8 |  8.5
Fighting       | 4 5 |  5.8
Armour         | 1 2 3 4 |  4.0
Spellcasting   | |  1.0
Fire Magic     | |  2.1

Action                     |  1- 3 |  4- 6 |  7- 9 || total
---------------------------+-------+-------+-------++-------
  Melee: Hand axe          |    97 |   154 |    34 ||   285
         Headbutt          |     6 |    24 |     3 ||    33
 Armour: Robe              |    14 |       |       ||    14
         Chain mail        |    12 |    33 |       ||    45
         Ring mail         |     5 |       |       ||     5
         Scale mail        |     1 |       |       ||     1
         Plate armour      |       |    81 |    22 ||   103
  Dodge: Dodged            |    44 |    59 |     8 ||   111

Table legend: (Time is in decaauts)
 A = Elapsed time spent in this place.
 B = Non-inter-level travel time spent in this place.
 C = Inter-level travel time spent in this place.
 D = Time resting spent in this place.
 E = Time spent auto-exploring this place.
 F = Levels seen in this place.
 G = Mean time per level.
                   A        B        C        D        E       F      G
               +--------+--------+--------+--------+--------+-----+--------+
         Total |   4434 |   4156 |    278 |    832 |   2359 |   4 | 1108.5 |
       Dungeon |   4434 |   4156 |    278 |    832 |   2359 |   4 | 1108.5 |
               +--------+--------+--------+--------+--------+-----+--------+

Top non-repeatable levels by time:
     D:1: 1229 daAuts
     D:3: 1218 daAuts
     D:2: 1042 daAuts
     D:4: 943 daAuts
